 Dungeon Sprint DCSS version 0.30-a0-1043-g60ff8d5f49 (webtiles) character file.

Game seed: 11840105719913715394

7751 fozzywoppz the Tortoise (level 11, -2/102 HPs)
             Began as a Formicid Fighter on Apr 11, 2023.
             Was a Believer of Jiyva.
             Slain by an orc warrior
             ... wielding a +2 vampiric war axe
             ... led by an orc knight
              (7 damage)
             ... in the Dungeon (Sprint VII: "The Pits").
             The game lasted 00:08:51 (1073 turns).

fozzywoppz the Tortoise (Formicid Fighter)          Turns: 1073, Time: 00:08:52

Health: -2/102     AC: 23    Str: 27    XL:     11   Next: 43%
Magic:  11/11      EV: 14    Int: 12    God:    Jiyva [**....]
Gold:   7          SH:  6    Dex: 12    Spells: 10/10 levels left

rFire   . . .      SeeInvis +    m - +2 mace (heavy)
rCold   + . .      Faith    .    c - +0 buckler
rNeg    . . .      Spirit   .    r - +3 plate armour
rPois   .          Reflect  .    (helmet unavailable)
rElec   .          Rampage  .    b - +2 cloak {rCorr}
rCorr   +                        (no gloves)
Will    +....                    (no boots) Stlth
                                 (no amulet)
HPRegen 1.33/turn                k - +3 ring of strength
MPRegen 0.42/turn                p - +3 ring of evasion

@: no status effects
A: permanent stasis, dig shafts and tunnels, antennae 3, four strong arms,
clever 1, cold resistance 1
a: Dig, Renounce Religion


You were in the Dungeon.
You worshipped Jiyva.
Jiyva was pleased with you.
You visited 1 branch You collected 7 gold pieces.

Inventory:

Hand Weapons
 m - a +2 heavy mace (weapon)
Armour
 b - a +2 cloak of preservation (worn)
 c - a +0 buckler (worn)
 r - a +3 plate armour (worn)
Jewellery
 k - a +3 ring of strength (left hand)
 p - a +3 ring of evasion (right hand)
Wands
 a - a wand of paralysis (5)
Scrolls
 h - a scroll of blinking
 i - 5 scrolls of amnesia
Potions
 d - 3 potions of might
 e - a potion of invisibility
 f - a potion of heal wounds
 g - 4 potions of magic
 l - 6 potions of curing
 o - 2 potions of brilliance


   Skills:
 - Level 15.0 Fighting
 + Level 14.9 Maces & Flails
 + Level 15.2 Armour
 - Level 10.0 Dodging
 - Level 8.3 Shields


You had 10 spell levels left.
You didn't know any spells.
Your spell library was empty.

Dungeon Overview and Level Annotations

Branches:
Dungeon (1/1)

Altars:
Ashenzari
Cheibriados
Dithmenos
Elyvilon
Fedhas
Gozag
Hepliaklqana
Kikubaaqudgha
Makhleb
Nemelex Xobeh
Okawaru
Qazlal
Ru
Sif Muna
Trog
Uskayaw
Vehumet
Wu Jian
Xom
Yredelemnul
Zin
The Shining One
Jiyva
Lugonu


Innate Abilities, Weirdness & Mutations

You cannot be hasted, slowed, berserked, paralysed or teleported.
You can dig through walls and to a lower floor.
You have a pair of large antennae on your head. (SInv)
Your four strong arms can wield two-handed weapons with a shield.
Your mind is acute. (Int +4, Str/Dex -1)
Your flesh is cold resistant. (rC+)


Message History

Okay, then.
The barbs in your skin will harm you if you move.
Continue? [Y]es or [N]o only, please.
The barbs in your skin will harm you if you move.
Continue?
Okay, then.
You thump the orc knight!
The orc knight is heavily wounded.
You carefully extract the barbed spikes from your body.
The steam dragon closely misses you. You block the steam dragon's attack.
The orc knight hits you but does no damage.
The orc warrior hits you with a +2 vampiric war axe!
* * * LOW HITPOINT WARNING * * *
The steam dragon closely misses you.
The steam dragon claws you but does no damage.
You hit the orc knight but do no damage.
The orc knight is heavily wounded.
The orc knight barely misses you.
The orc warrior hits you with a +2 vampiric war axe.
* * * LOW HITPOINT WARNING * * *
The steam dragon barely misses you. You block the steam dragon's attack.
You closely miss the orc knight.
The orc knight is heavily wounded.
You block the orc knight's attack. The steam dragon barely misses you.
The steam dragon claws you but does no damage.
The orc warrior hits you with a +2 vampiric war axe!
* * * LOW HITPOINT WARNING * * *
You thump the orc knight!
The orc knight is heavily wounded.
You block the orc knight's attack. The steam dragon breathes steam at you.
The ball of steam hits you!
* * * LOW HITPOINT WARNING * * *
The orc warrior hits you but does no damage.
You bludgeon the orc knight!!
The orc knight is almost dead.
You are engulfed in a cloud of scalding steam.
The orc knight barely misses you. The steam dragon barely misses you.
You block the steam dragon's attack.
The orc warrior hits you with a +2 vampiric war axe!
You die...

___.# _...###########++######
###'##...............§#
..'.##......#..#......#
###.##................+
......................+
'#####......#..#..§...# {{
..'†##...........§....#
..#†#####'#####o@######
###.##.......##Do# ######## ####
..#)##.......##.o# #.{†DZ{###...
..'.##.......##..# #..#'#{.......
######...<...##..##{ ##)##..{..#.
.))[##.......##..# ##{..##...###
))))##.......##..####...†.##.##.#
######.......##...##......#...#{#
##..###########....'..{.......D..


You could see an orc knight, a steam dragon and 2 orc warriors.

Vanquished Creatures
  A flayed ghost (D)
  A swamp dragon (D)
  A bog body (D)
  A wizard (D)
  An orc sorcerer (D)
  A manticore (D)
  Maurice (D)
  2 smoke demons (D)
  2 unseen horrors (D)
  A red devil (D)
  A snapping turtle (D)
  3 blink frogs (D)
  7 dream sheep (D)
  2 flying skulls (D)
  A vampire (D)
  A fire bat (D)
  A yak (D)
  A water moccasin (D)
  A black bear (D)
  An ogre (D)
  A wolf (D)
  A phantom (D)
  Blork the orc (D)
  2 necrophages (D)
  3 scorpions (D)
  A quasit (D)
  A mummy (D)
  A river rat (D)
  An ufetubus (D)
  An adder zombie (D)
  5 orcs (D)
  2 giant cockroaches (D)
  A goblin (D)
  2 jackals (D)
  A frilled lizard (D)
  A kobold (D)
56 creatures vanquished.

Vanquished Creatures (others)
  the Royal Jelly (D)
  Dissolution (D)
  Mara (D)
  2 royal mummies (D)
  A golden dragon (D)
  A pearl dragon (D)
  A Brimstone Fiend (D)
  A Tzitzimitl (D)
  2 titans (D)
  8 acid blobs (D)
  An Executioner (D)
  10 azure jellies (D)
  3 rockslimes (D)
  A deep elf sorcerer (D)
  A ghost moth (D)
  2 balrugs (D)
  A draconian annihilator (D)
  A draconian scorcher (D)
  A reaper (D)
  A war gargoyle (D)
  6 quicksilver oozes (D)
  A lorocyproca (D)
  A yellow draconian (D)
  A dire elephant (D)
  A fire dragon (D)
  A green death (D)
  A hell knight (D)
  2 sun demons (D)
  A hellion (D)
  3 floating eyes (D)
  2 jellies (D)
61 creatures vanquished.

Grand Total: 117 creatures vanquished

Notes
Turn   | Place    | Note
-------+----------+-------------------------------------------
     0 | D        | fozzywoppz the Formicid Fighter began the quest for the
                  | Orb.
     0 | D        | Reached XP level 1. HP: 18/18 MP: 1/1
     8 | D        | Noticed a scorpion
    18 | D        | Killed a scorpion
    19 | D        | Reached skill level 5 in Fighting
    19 | D        | Reached skill level 5 in Armour
    19 | D        | Reached XP level 2. HP: 23/27 MP: 2/2
    19 | D        | Reached XP level 3. HP: 29/33 MP: 3/3
    19 | D        | Reached XP level 4. HP: 34/39 MP: 4/4
    47 | D        | Found a glowing golden altar of the Shining One.
    47 | D        | Found a glowing silver altar of Zin.
    47 | D        | Found a basalt altar of Yredelemnul.
    47 | D        | Found a shimmering altar of Xom.
    47 | D        | Found an ornate altar of the Wu Jian Council.
    47 | D        | Found a bloodstained altar of Trog.
    47 | D        | Found a shimmering blue altar of Sif Muna.
    47 | D        | Found a sacrificial altar of Ru.
    47 | D        | Found a stormy altar of Qazlal.
    47 | D        | Found an iron altar of Okawaru.
    47 | D        | Found a sparkling altar of Nemelex Xobeh.
    47 | D        | Found a burning altar of Makhleb.
    47 | D        | Found a viscous altar of Jiyva.
    47 | D        | Found a hazy altar of Hepliaklqana.
    47 | D        | Found an opulent altar of Gozag.
    47 | D        | Found a blossoming altar of Fedhas.
    47 | D        | Found a white marble altar of Elyvilon.
    47 | D        | Found a shadowy altar of Dithmenos.
    47 | D        | Found a snail-covered altar of Cheibriados.
    48 | D        | Found a radiant altar of Vehumet.
    48 | D        | Found a corrupted altar of Lugonu.
    49 | D        | Found a hide-covered altar of Uskayaw.
    49 | D        | Found an ancient bone altar of Kikubaaqudgha.
    49 | D        | Found a broken altar of Ashenzari.
    61 | D        | Became a worshipper of Jiyva Juumim the Shapeless
    67 | D        | Killed an acid blob
    69 | D        | Killed a titan
    70 | D        | Killed a Brimstone Fiend
    70 | D        | Killed a hell knight
    71 | D        | Killed a royal mummy
    71 | D        | Killed an azure jelly
    71 | D        | Killed a balrug
    75 | D        | Killed an azure jelly
    77 | D        | Killed a Tzitzimitl
    81 | D        | Killed a war gargoyle
    82 | D        | Killed an azure jelly
    82 | D        | Killed a rockslime
    84 | D        | Noticed a scorpion
    85 | D        | Killed an acid blob
    85 | D        | Killed a yellow draconian annihilator
    86 | D        | Killed a quicksilver ooze
    91 | D        | Killed a scorpion
    92 | D        | Reached skill level 5 in Maces & Flails
    92 | D        | Reached XP level 5. HP: 36/46 MP: 5/5
    94 | D        | Killed Mara
    94 | D        | Killed a yellow draconian
    95 | D        | Killed a floating eye
    95 | D        | Killed a sun demon
    96 | D        | Killed a pearl dragon
    96 | D        | Killed a hellion
    96 | D        | Killed an acid blob
    98 | D        | Killed Dissolution
    99 | D        | Killed an Executioner
   100 | D        | Killed an acid blob
   100 | D        | Killed a deep elf sorcerer
   102 | D        | Noticed a floating eye
   102 | D        | Killed a reaper
   104 | D        | Killed a balrug
   107 | D        | Killed an acid blob
   108 | D        | Killed a fire dragon
   109 | D        | Killed an acid blob
   110 | D        | Killed a golden dragon
   111 | D        | Killed a sun demon
   112 | D        | Killed a green death
   119 | D        | Killed an acid blob
   122 | D        | Killed a lorocyproca
   122 | D        | Killed a ghost moth
   124 | D        | Killed a titan
   124 | D        | Killed an azure jelly
   126 | D        | Killed a quicksilver ooze
   127 | D        | Killed a red draconian scorcher
   129 | D        | Killed a quicksilver ooze
   129 | D        | Killed a rockslime
   129 | D        | Killed an azure jelly
   129 | D        | Killed a quicksilver ooze
   129 | D        | Killed a quicksilver ooze
   129 | D        | Killed a quicksilver ooze
   131 | D        | Killed an azure jelly
   131 | D        | Killed the Royal Jelly
   133 | D        | Killed an azure jelly
   139 | D        | Killed a rockslime
   142 | D        | Killed an azure jelly
   145 | D        | Killed a dire elephant
   151 | D        | Killed an azure jelly
   162 | D        | Killed a royal mummy
   168 | D        | Killed an acid blob
   186 | D        | Killed an azure jelly
   357 | D        | Reached * piety under Jiyva
   426 | D        | Noticed a flying skull
   426 | D        | Noticed a fire bat
   433 | D        | Killed a flying skull
   434 | D        | Reached XP level 6. HP: 43/56 MP: 6/6
   440 | D        | Reached XP level 7. HP: 58/63 MP: 7/7
   446 | D        | Killed a fire bat
   453 | D        | Reached skill level 5 in Dodging
   466 | D        | Noticed a water moccasin
   469 | D        | Killed a water moccasin
   470 | D        | Reached XP level 8. HP: 71/72 MP: 8/8
   471 | D        | Noticed a manticore
   475 | D        | Killed a manticore
   476 | D        | Reached skill level 10 in Fighting
   476 | D        | Reached skill level 10 in Armour
   507 | D        | Noticed Maurice
   524 | D        | Killed Maurice
   525 | D        | Reached skill level 10 in Maces & Flails
   525 | D        | Reached XP level 9. HP: 81/81 MP: 9/9
   661 | D        | Noticed an unseen horror
   667 | D        | Reached ** piety under Jiyva
   668 | D        | Killed an unseen horror
   670 | D        | Noticed a red devil
   676 | D        | Killed a red devil
   703 | D        | Noticed a snapping turtle
   703 | D        | Noticed a bog body
   703 | D        | Noticed a smoke demon
   703 | D        | Noticed a blink frog
   703 | D        | Noticed a blink frog
   703 | D        | Noticed a blink frog
   713 | D        | Noticed a sixfirhy
   769 | D        | Killed a bog body
   772 | D        | Killed a blink frog
   773 | D        | Reached XP level 10. HP: 44/91 MP: 10/10
   826 | D        | Killed a smoke demon
   831 | D        | Reached skill level 10 in Dodging
   904 | D        | Noticed a smoke demon
   913 | D        | Killed a smoke demon
   921 | D        | Noticed a swamp dragon
   921 | D        | Noticed Blork the orc
   934 | D        | Killed a swamp dragon
   936 | D        | Killed Blork the orc
   945 | D        | Noticed a flayed ghost
   952 | D        | Noticed a wizard
   952 | D        | Noticed an orc sorcerer
   954 | D        | Noticed an orc knight
   957 | D        | Killed a flayed ghost
   958 | D        | Reached skill level 15 in Fighting
   958 | D        | Reached XP level 11. HP: 97/102 MP: 11/11
   969 | D        | Noticed a deep elf zephyrmancer
   988 | D        | Noticed an elephant
   996 | D        | Killed a wizard
  1050 | D        | Gained mutation: Your flesh is cold resistant. (rC+)
                  | [potion of mutation]
  1050 | D        | Gained mutation: Your mind is acute. (Int +4, Str/Dex -1)
                  | [potion of mutation]
  1059 | D        | Killed an orc sorcerer
  1060 | D        | Reached skill level 15 in Armour
  1072 | D        | HP: 4/102 [steam dragon/ball of steam (14)]
  1073 | D        | Slain by an orc warrior

Illustrated notes

Levels and vault maps discovered:
D:        pitsprint [storerooms_1, entrance_room_1, metal_vault_3, armoury_2,
          mini_pit_1, grid_room_1, main_hall_1, silver_pit, the_coven_2,
          the_vestibule_1, steel_vault_1, golden_pit, hallway_of_sentries,
          crystal_vault_1, iron_vault_4, final_vault]

Skill      XL: |  1  2  3  4  5  6  7  8  9 10 11 |
---------------+----------------------------------+-----
Fighting       | 5 6 8 9 11 12 15 | 15.0
Maces & Flails | 4 5 7 8 10 11 13 14 | 14.9
Armour         | 5 6 8 9 10 11 13 15 | 15.2
Shields        | 6 7 8 |  8.3
Dodging        | 3 5 7 9 10 | 10.0

Action                     |  1- 3 |  4- 6 |  7- 9 | 10-12 || total
---------------------------+-------+-------+-------+-------++-------
  Melee: Flail             |     8 |    24 |       |       ||    32
         Mace              |       |    10 |    72 |   113 ||   195
    Use: Potion            |     1 |       |     4 |     5 ||    10
         Scroll            |       |       |       |     1 ||     1
   Stab: Invisible         |       |       |     2 |       ||     2
 Armour: Scale mail        |     3 |     8 |       |       ||    11
         Ring mail         |       |    16 |    16 |       ||    32
         Plate armour      |       |       |    10 |    96 ||   106
  Dodge: Dodged            |     4 |    31 |    42 |   129 ||   206
  Block: Buckler           |     3 |    19 |    20 |    64 ||   106

Table legend: (Time is in decaauts)
 A = Elapsed time spent in this place.
 B = Non-inter-level travel time spent in this place.
 C = Inter-level travel time spent in this place.
 D = Time resting spent in this place.
 E = Time spent auto-exploring this place.
 F = Levels seen in this place.
 G = Mean time per level.
                   A        B        C        D        E       F      G
               +--------+--------+--------+--------+--------+-----+--------+
         Total |   1127 |   1127 |      0 |    209 |      0 |   1 | 1127.0 |
       Dungeon |   1127 |   1127 |      0 |    209 |      0 |   1 | 1127.0 |
               +--------+--------+--------+--------+--------+-----+--------+

Top non-repeatable levels by time:
       D: 1127 daAuts
